[Event "Titled Tuesday Blitz May 30 Early 2023"]
[White "Sourath Biswas"]
[Black "Fernandez Siles, Luis"]
[WhiteFideId "35091484"]
[BlackFideId "2209420"]
[WhiteElo "2171"]
[BlackElo "2195"]
[Result "1-0"]
[Round "02"]
[TimeControl "180+2"]
[Date "2023.05.30"]
[WhiteClock "0:00:19"]
[BlackClock "0:00:00"]

1. d4 Nf6 2. Nf3 g6 3. g3 Bg7 4. Bg2 O-O 5. O-O d6 6. b3 Ne4 7. Bb2 f5 8. Nbd2 Nc6 9. c4 Nxd2 10. Qxd2 e5 11. d5 Ne7 12. Ng5 Bh6 13. h4 f4 14. e3 fxg3 15. fxg3 Nf5 16. Qf2 Nxh4 17. Nf7 Nxg2 18. Nxh6+ 1-0


[Site "https://www.chess.com"]

[Event "Titled Tuesday Blitz May 30 Early 2023"]
[White "Goswami, Vedant"]
[Black "Pinheiro, Iung Alicio de O."]
[WhiteFideId "5003725"]
[BlackFideId "2104350"]
[WhiteElo "2011"]
[BlackElo "2283"]
[Result "0-1"]
[Round "02"]
[TimeControl "180+2"]
[Date "2023.05.30"]
[WhiteClock "0:00:00"]
[BlackClock "0:00:16"]

1. d4 Nf6 2. Nf3 g6 3. Bf4 d6 4. Nc3 Nh5 5. Bg5 h6 6. Bc1 Nd7 7. e4 e5 8. dxe5 dxe5 9. Bc4 c6 10. O-O Qf6 11. Ne1 Bc5 12. Nd3 Bd4 13. Kh1 Nc5 14. Be3 Nxd3 15. Qxd3 Nf4 16. Bxf4 exf4 17. e5 Bxe5 18. Ne4 Qe7 19. Rfe1 Bf5 20. Nd6+ Bxd6 21. Rxe7+ Bxe7 22. Qd4 O-O 23. Re1 Rfd8 24. Qxf4 Bg5 25. Qf3 Rd4 26. Bb3 Rad8 27. h3 h5 28. c3 Rd3 29. Qe2 Rd2 30. Qf3 R8d3 0-1


[Site "https://www.chess.com"]

[Event "Titled Tuesday Blitz May 30 Early 2023"]
[White "koncheto"]
[Black "Kaganskiy, Gleb"]
[BlackFideId "4132025"]
[WhiteElo "2608"]
[BlackElo "2165"]
[Result "1-0"]
[Round "02"]
[TimeControl "180+2"]
[Date "2023.05.30"]
[WhiteClock "0:01:34"]
[BlackClock "0:01:25"]

1. e4 e6 2. d4 d5 3. Nd2 c5 4. exd5 Qxd5 5. Ngf3 cxd4 6. Bc4 Qd6 7. O-O Nf6 8. Nb3 Nc6 9. Nbxd4 Nxd4 10. Nxd4 Be7 11. c3 O-O 12. Qf3 Qc7 13. Bd3 Bd7 14. Re1 Bc6 15. Qh3 Rad8 16. Bg5 g6 17. Re3 e5 18. Nf5 gxf5 19. Bxf5 Qd6 20. Bxf6 Qd1+ 21. Re1 Bxf6 22. Qxh7# 1-0


[Site "https://www.chess.com"]

[Event "Titled Tuesday Blitz May 30 Early 2023"]
[White "Mamedov, Edgar"]
[Black "Manon-og, Ramon Jr."]
[WhiteFideId "13739980"]
[BlackFideId "5200776"]
[WhiteElo "2317"]
[BlackElo "2347"]
[Result "1-0"]
[Round "02"]
[TimeControl "180+2"]
[Date "2023.05.30"]
[WhiteClock "0:01:19"]
[BlackClock "0:00:37"]

1. d4 Nf6 2. Nf3 g6 3. Nbd2 d5 4. e3 Bg7 5. b4 O-O 6. c4 c6 7. a4 Nbd7 8. Bb2 Re8 9. Be2 b6 10. O-O Bb7 11. cxd5 Nxd5 12. Qb3 N7f6 13. Rac1 Rc8 14. b5 cxb5 15. Bxb5 Rf8 16. Ne5 h5 17. Ba3 Kh7 18. Bc6 Ba6 19. Rfe1 Ng4 20. Qxd5 Nxe5 21. dxe5 Qxd5 22. Bxd5 Rfd8 23. Bc4 Bb7 24. Nf3 Bxf3 25. gxf3 e6 26. Bd6 f6 27. f4 fxe5 28. Bxe5 Re8 29. Ba6 Rxc1 30. Rxc1 Bf8 31. Rc7+ Kh6 32. Bb5 Rd8 33. Rxa7 h4 34. Bf6 Rd1+ 35. Kg2 Kh5 36. Be2+ 1-0


[Site "https://www.chess.com"]

[Event "Titled Tuesday Blitz May 30 Early 2023"]
[White "Streltsov, Alexey"]
[Black "Sarkar, Justin"]
[WhiteFideId "24104434"]
[BlackFideId "2010011"]
[WhiteElo "2590"]
[BlackElo "2168"]
[Result "1-0"]
[Round "02"]
[TimeControl "180+2"]
[Date "2023.05.30"]
[WhiteClock "0:02:13"]
[BlackClock "0:00:01"]

1. d4 Nf6 2. Nc3 d5 3. Bf4 a6 4. e3 e6 5. g4 c5 6. g5 Nfd7 7. h4 Nc6 8. a3 b5 9. Nf3 Bb7 10. h5 Be7 11. Bh3 Nb6 12. Rg1 b4 13. axb4 cxb4 14. Na4 Nxa4 15. Rxa4 Bd6 16. g6 hxg6 17. hxg6 Rxh3 18. gxf7+ Kf8 19. Ng5 Rh6 20. Qg4 1-0


[Site "https://www.chess.com"]

[Event "Titled Tuesday Blitz May 30 Early 2023"]
[White "Szente Varga, Fruzsina"]
[Black "Melian, Juan Sebastian"]
[WhiteFideId "712264"]
[BlackFideId "3706575"]
[WhiteElo "1994"]
[BlackElo "2092"]
[Result "0-1"]
[Round "02"]
[TimeControl "180+2"]
[Date "2023.05.30"]
[WhiteClock "0:00:21"]
[BlackClock "0:00:22"]

1. e4 c5 2. Nf3 e6 3. b3 Nf6 4. e5 Nd5 5. Bb2 Be7 6. g3 O-O 7. Bg2 d6 8. O-O Nc6 9. d3 dxe5 10. Nxe5 Nxe5 11. Bxe5 Bf6 12. Qe2 Re8 13. c4 Nb4 14. Bxf6 Qxf6 15. Na3 Rb8 16. Nb5 a6 17. Nd6 Rd8 18. Nxc8 Rdxc8 19. Rad1 Rd8 20. Be4 Rd6 21. Qh5 Rbd8 22. Bxh7+ Kf8 23. Qxc5 Nxa2 24. Be4 b6 25. Qa3 Nc3 26. Rd2 Kg8 27. b4 Nxe4 28. Re2 Ng5 29. Kg2 Qf3+ 0-1


[Site "https://www.chess.com"]

[Event "Titled Tuesday Blitz May 30 Early 2023"]
[White "Korpics, Zsolt"]
[Black "Shevtchenko, Olesya"]
[WhiteFideId "705241"]
[BlackFideId "24131890"]
[WhiteElo "2340"]
[BlackElo "2003"]
[Result "0-1"]
[Round "02"]
[TimeControl "180+2"]
[Date "2023.05.30"]
[WhiteClock "0:00:02"]
[BlackClock "0:01:01"]

1. e4 c6 2. Nf3 d5 3. Nc3 dxe4 4. Nxe4 Nf6 5. Qe2 Nxe4 6. Qxe4 Qd5 7. Qh4 Qe6+ 8. Be2 Qg6 9. d3 Qxg2 10. Rg1 Qh3 11. Qc4 Qe6 12. Qc3 h6 13. Be3 Nd7 14. Nd4 Qf6 15. O-O-O Nb6 16. Qb3 Nd5 17. Rdf1 e6 18. Bf3 Bd6 19. Be4 Bxh2 20. Rh1 Bf4 21. Kb1 Be5 22. Nf3 Nxe3 23. fxe3 Bd6 24. Nd4 Qe7 25. Rhg1 Be5 26. Nxc6 bxc6 27. Bxc6+ Bd7 28. Bxa8 O-O 29. Be4 Rb8 30. Qc4 Bb5 31. Qb3 Be8 32. Qc4 Bxb2 33. d4 Bb5 34. Qb3 Qc7 35. Qxb2 Bxf1 36. Rxf1 Rxb2+ 37. Kxb2 h5 38. Bd3 h4 39. Rh1 Qg3 40. Be4 h3 41. Kc3 Qxe3+ 42. Bd3 Qg3 43. Kd2 h2 44. Be4 f5 45. Bb7 g5 46. d5 exd5 47. Bxd5+ Kg7 48. c4 Qf2+ 49. Kc3 g4 50. c5 Qxc5+ 0-1


[Site "https://www.chess.com"]

[Event "Titled Tuesday Blitz May 30 Early 2023"]
[White "Fajdetic, Hrvoje"]
[Black "Romkachess"]
[WhiteFideId "14501945"]
[WhiteElo "2185"]
[BlackElo "2550"]
[Result "0-1"]
[Round "02"]
[TimeControl "180+2"]
[Date "2023.05.30"]
[WhiteClock "0:00:03"]
[BlackClock "0:00:19"]

1. d4 Nf6 2. Bf4 d5 3. e3 e6 4. Nf3 c5 5. Nc3 a6 6. Ne2 Nc6 7. c3 Bd6 8. Bg3 O-O 9. Bh4 Re8 10. Nf4 h6 11. Nd3 Be7 12. Nxc5 g5 13. Bg3 Bxc5 14. dxc5 Ne4 15. h4 g4 16. Ne5 h5 17. Nxc6 bxc6 18. Be5 f6 19. f3 fxe5 20. fxe4 Qf6 21. Qa4 Bd7 22. O-O-O Rab8 23. Be2 Qf2 24. Rd2 Qxe3 25. Rd1 Qxc5 26. b4 Qxc3+ 27. Rc2 Qxb4 28. Qxb4 Rxb4 29. Bxa6 Rxe4 30. Bd3 Ra4 31. Bg6 Rea8 32. Bxh5 Rxa2 33. Bxg4 Rxc2+ 34. Kxc2 Ra2+ 35. Kc1 Rxg2 36. Bf3 Rg3 37. Rf1 e4 38. Be2 d4 39. Bc4 d3 40. Rf4 Rg1+ 41. Kd2 Rg2+ 42. Kd1 c5 43. Rxe4 Ba4+ 44. Ke1 d2+ 45. Kf1 d1=Q+ 46. Re1 0-1


[Site "https://www.chess.com"]

[Event "Titled Tuesday Blitz May 30 Early 2023"]
[White "Ziatdinov, Raset"]
[Black "Roberson, Peter T"]
[WhiteFideId "2015323"]
[BlackFideId "412384"]
[WhiteElo "2220"]
[BlackElo "2346"]
[Result "0-1"]
[Round "02"]
[TimeControl "180+2"]
[Date "2023.05.30"]
[WhiteClock "0:00:00"]
[BlackClock "0:00:10"]

1. e4 e5 2. Nf3 Nc6 3. Bb5 Nf6 4. O-O Nxe4 5. Re1 Nd6 6. Bxc6 dxc6 7. Nxe5 Be7 8. d4 O-O 9. c3 Bf5 10. Nd2 Re8 11. Ndf3 Bf8 12. Bf4 h6 13. Qb3 Be6 14. Qc2 Qf6 15. Bg3 Rad8 16. Rad1 Bf5 17. Qc1 g5 18. Nd2 Bg7 19. Nec4 h5 20. f3 h4 21. Be5 Qg6 22. Bxg7 Kxg7 23. Ne5 Qh7 24. Ne4 f6 25. Nxd6 cxd6 26. Nc4 d5 27. Nd6 Rxe1+ 28. Rxe1 Kf8 29. Qe3 Bd7 30. Nxb7 Re8 31. Qf2 Qd3 32. Nc5 Rxe1+ 33. Qxe1 Qf5 34. a3 Bc8 35. Qe2 h3 36. gxh3 Qxh3 37. Qg2 Qf5 38. Qg3 Qb1+ 39. Kg2 Qxb2+ 40. Kh1 Qc1+ 41. Kg2 Qd2+ 42. Kg1 Qd1+ 43. Kg2 Qe2+ 44. Kg1 Kg8 45. Qd6 Bh3 0-1


[Site "https://www.chess.com"]

[Event "Titled Tuesday Blitz May 30 Early 2023"]
[White "Buscar, Michael"]
[Black "Kubicka, Anna"]
[WhiteFideId "2603616"]
[BlackFideId "1152254"]
[WhiteElo "2010"]
[BlackElo "2144"]
[Result "1/2-1/2"]
[Round "02"]
[TimeControl "180+2"]
[Date "2023.05.30"]
[WhiteClock "0:00:13"]
[BlackClock "0:00:51"]

1. d4 Nf6 2. c4 c5 3. d5 e6 4. g3 exd5 5. cxd5 d6 6. Bg2 g6 7. Nf3 Bg7 8. Nc3 O-O 9. Nd2 a6 10. a4 Nbd7 11. Nc4 Nb6 12. Nxb6 Qxb6 13. a5 Qc7 14. O-O Re8 15. Qa4 Bd7 16. Qh4 b5 17. axb6 Qxb6 18. Bg5 Nh5 19. Rab1 h6 20. Bd2 Rab8 21. Bf3 Qb4 22. Bxh5 Qxh4 23. gxh4 gxh5 24. Bf4 Be5 25. Bxh6 Bf5 26. e4 Bxc3 27. bxc3 Rxb1 28. Rxb1 Rxe4 29. Rb8+ Kh7 30. Be3 Rxh4 31. Rb6 Rg4+ 32. Kf1 Rg6 33. h4 Bd3+ 34. Ke1 Bb5 35. Kd2 Bc4 36. Bf4 Bxd5 37. Rxa6 Rf6 38. Bg3 Kg6 39. Rxd6 Rxd6 40. Bxd6 c4 41. Ke3 Kf5 42. Kd4 Be6 43. Be7 Kf4 44. Bd6+ Kf3 45. Bg3 Ke2 46. Ke4 Kd2 47. Be5 f5+ 48. Kf4 Ke2 49. Bd4 Bf7 50. Kxf5 Kf3 51. Kf6 Be8 52. Kg5 Bf7 53. Kf6 Be8 54. Ke5 Bf7 55. Kd6 Bg8 56. Kc5 Bf7 57. Kd6 Kf4 58. Bf6 Kf3 59. Ke7 Bd5 60. Bd4 Kf4 61. Kf6 Bc6 62. Kg6 Be8+ 63. Kh6 Bf7 64. Bf6 Kf3 65. Bd4 Kg4 66. Bf6 Kf3 67. Bd4 Kg4 68. Bf6 Kf3 1/2-1/2


[Site "https://www.chess.com"]

[Event "Titled Tuesday Blitz May 30 Early 2023"]
[White "surrenderPLS"]
[Black "KVAIDAN"]
[WhiteElo "2525"]
[BlackElo "2311"]
[Result "1/2-1/2"]
[Round "02"]
[TimeControl "180+2"]
[Date "2023.05.30"]
[WhiteClock "0:00:05"]
[BlackClock "0:01:20"]

1. e4 e5 2. Nf3 d5 3. exd5 e4 4. Qe2 Nf6 5. d3 Bb4+ 6. Bd2 O-O 7. Bxb4 exf3 8. Qxf3 Re8+ 9. Kd2 Bg4 10. Qg3 Qxd5 11. Nc3 Qd4 12. Ba3 b5 13. Re1 Nbd7 14. Nxb5 Qb6 15. Nc3 Rxe1 16. Kxe1 Re8+ 17. Kd2 Qe6 18. Be2 Bxe2 19. Re1 Nh5 20. Rxe2 Nxg3 21. Rxe6 Nf1+ 22. Ke1 Rxe6+ 23. Kxf1 Ne5 24. f3 Nc6 25. Bc5 a5 26. Kf2 Nb4 27. Bxb4 axb4 28. Nd5 c5 29. c3 bxc3 30. Nxc3 Rb6 31. b3 Re6 32. Ne4 Ra6 33. a4 Rc6 34. Ke3 f5 35. Nd2 g5 36. Nc4 Re6+ 37. Kd2 f4 38. a5 Kf7 39. d4 cxd4 40. b4 Ke7 41. b5 Kd7 42. a6 Kc7 43. b6+ Kc6 44. b7 Re8 45. Kd3 Kc7 46. Kxd4 Re6 47. Kd5 Rxa6 48. Ne5 Ra2 49. g3 Rxh2 50. gxf4 gxf4 51. Ke4 h5 52. Kxf4 Rg2 53. Nc6 Kxb7 54. Nd4 h4 55. Ke5 h3 56. f4 h2 57. f5 h1=Q 58. f6 Qe1+ 59. Kd6 Rd2 60. Kd5 Qf2 61. Ke6 Rxd4 62. f7 Re4+ 63. Kd7 Qxf7+ 64. Kd6 Qf5 1/2-1/2


[Site "https://www.chess.com"]

[Event "Titled Tuesday Blitz May 30 Early 2023"]
[White "gao6969"]
[Black "Dushyant Sharma"]
[BlackFideId "25065130"]
[WhiteElo "2310"]
[BlackElo "2198"]
[Result "1-0"]
[Round "02"]
[TimeControl "180+2"]
[Date "2023.05.30"]
[WhiteClock "0:01:24"]
[BlackClock "0:00:20"]

1. e4 d5 2. exd5 Nf6 3. Nc3 Bg4 4. Be2 Bxe2 5. Qxe2 c6 6. dxc6 Nxc6 7. Nf3 e6 8. O-O Be7 9. Rd1 O-O 10. d4 Qb6 11. Rb1 Rfd8 12. Be3 Qa5 13. a3 Rac8 14. h3 a6 15. b4 Qh5 16. Na4 a5 17. Nb6 Rc7 18. Bf4 Bd6 19. Bxd6 Rxd6 20. Nc4 Nxd4 21. Nxd4 Qxe2 22. Nxe2 Rxd1+ 23. Rxd1 Nd5 24. Ne3 h6 25. Nxd5 exd5 26. c3 axb4 27. axb4 Re7 28. Kf1 Re5 29. Nf4 1-0


[Site "https://www.chess.com"]

[Event "Titled Tuesday Blitz May 30 Early 2023"]
[White "Bilan, Danila"]
[Black "Mikhaylova, Irina"]
[WhiteFideId "24161918"]
[BlackFideId "4109040"]
[WhiteElo "2182"]
[BlackElo "1975"]
[Result "1-0"]
[Round "02"]
[TimeControl "180+2"]
[Date "2023.05.30"]
[WhiteClock "0:00:40"]
[BlackClock "0:00:39"]

1. d4 Nf6 2. Nf3 g6 3. Bg5 Bg7 4. c3 O-O 5. Nbd2 d6 6. e4 Nc6 7. Qc2 h6 8. Bh4 e5 9. dxe5 Nxe5 10. Nxe5 dxe5 11. Bc4 Qe7 12. O-O Be6 13. Rad1 Rfd8 14. Qb3 Bxc4 15. Nxc4 c6 16. f3 Qc7 17. Rxd8+ Rxd8 18. Rd1 Rxd1+ 19. Qxd1 Qd7 20. Qxd7 Nxd7 21. Na5 Nc5 22. b4 Nd3 23. Nxb7 Nc1 24. Be1 Nxa2 25. Bd2 Bf8 26. Kf2 f5 27. Ke2 Kf7 28. Kd3 Ke6 29. Kc4 Kd7 30. Kb3 Kc7 31. Nc5 Bxc5 32. bxc5 1-0


[Site "https://www.chess.com"]

[Event "Titled Tuesday Blitz May 30 Early 2023"]
[White "Maung, Maung Kyaw Zaw Hein"]
[Black "Jakic, Ivan"]
[WhiteFideId "13001698"]
[BlackFideId "14504901"]
[WhiteElo "2019"]
[BlackElo "2370"]
[Result "0-1"]
[Round "02"]
[TimeControl "180+2"]
[Date "2023.05.30"]
[WhiteClock "0:02:29"]
[BlackClock "0:02:33"]

1. Nf3 Nf6 2. c4 Nc6 3. d4 e6 4. Bg5 Bb4+ 5. Nbd2 h6 6. Bxf6 Qxf6 7. e3 O-O 8. a3 Bxd2+ 9. Qxd2 d6 10. Be2 e5 11. d5 Ne7 12. O-O Ng6 13. b4 a5 14. c5 Bf5 15. Rfc1 axb4 16. axb4 Rxa1 17. Rxa1 Be4 18. Ra7 Rb8 19. Bd3 Bxf3 20. gxf3 Nh4 21. f4 Nf3+ 0-1


[Site "https://www.chess.com"]

[Event "Titled Tuesday Blitz May 30 Early 2023"]
[White "Horak, Martin"]
[Black "Jarocka, Liwia"]
[WhiteFideId "367095"]
[BlackFideId "21807558"]
[WhiteElo "2091"]
[BlackElo "2013"]
[Result "1/2-1/2"]
[Round "02"]
[TimeControl "180+2"]
[Date "2023.05.30"]
[WhiteClock "0:00:02"]
[BlackClock "0:00:21"]

1. e4 e6 2. Nf3 d5 3. e5 c5 4. b4 cxb4 5. a3 bxa3 6. d4 Nc6 7. c3 Nge7 8. Bd3 Ng6 9. h4 Be7 10. h5 Nf8 11. Nxa3 Nd7 12. h6 g6 13. Nb5 O-O 14. Ba3 f6 15. Qe2 fxe5 16. dxe5 a6 17. Nbd4 Bxa3 18. Rxa3 Qe7 19. Ra2 Nc5 20. Bc2 Bd7 21. O-O Rf4 22. Rb1 Raf8 23. g3 Nxd4 24. Nxd4 Rxf2 25. Qxf2 Rxf2 26. Kxf2 b5 27. Kg2 Qg5 28. Bd1 Qxh6 29. Bg4 Qg5 30. Bh3 h5 31. Nf3 Qe3 32. Re1 Qxc3 33. Ree2 Ne4 34. Rec2 Qb3 35. Rab2 Qa3 36. Ra2 Qe7 37. Rxa6 b4 38. Rc7 b3 39. Ra8+ Kf7 40. Raa7 Ke8 41. Ra8+ Kf7 42. Raa7 b2 43. Rxd7 b1=Q 44. Rxe7+ Kf8 45. Rf7+ Kg8 46. Rg7+ Kf8 47. Rgf7+ Kg8 48. Rg7+ Kf8 49. Rgf7+ 1/2-1/2


[Site "https://www.chess.com"]

[Event "Titled Tuesday Blitz May 30 Early 2023"]
[White "Sovetbekova, Nurai"]
[Black "Jegorovas, Aleksandras"]
[WhiteFideId "13801910"]
[BlackFideId "12801950"]
[WhiteElo "1857"]
[BlackElo "2247"]
[Result "1-0"]
[Round "02"]
[TimeControl "180+2"]
[Date "2023.05.30"]
[WhiteClock "0:00:06"]
[BlackClock "0:00:00"]

1. d4 Nf6 2. c4 e6 3. Nc3 Bb4 4. Bd2 b6 5. e3 Bb7 6. Nf3 O-O 7. Bd3 d6 8. O-O Nbd7 9. Re1 Bxc3 10. Bxc3 Ne4 11. Qc2 f5 12. Rad1 Nxc3 13. Qxc3 Bxf3 14. gxf3 Qg5+ 15. Kf1 Qh5 16. Ke2 e5 17. e4 Nf6 18. dxe5 dxe5 19. Qc2 Qxh2 20. Rh1 Qf4 21. exf5 Rad8 22. Be4 Nxe4 23. fxe4 Rd4 24. f3 Rfd8 25. Rxd4 Rxd4 26. Qc1 Qg3 27. Rg1 Qh2+ 28. Ke3 Qf4+ 29. Ke2 Qh2+ 30. Ke3 Qh6+ 31. Ke2 Qc6 32. b3 Qf6 33. c5 bxc5 34. Qxc5 h5 35. Rg6 Qh4 36. Qxe5 Rd7 37. Qe8+ Kh7 38. Qxd7 Qh2+ 39. Ke3 Qb2 40. Qd4 Qc1+ 41. Kd3 Qb1+ 42. Kc4 Qc2+ 43. Kd5 c6+ 44. Ke6 1-0


[Site "https://www.chess.com"]

[Event "Titled Tuesday Blitz May 30 Early 2023"]
[White "Goffredo_Fofi"]
[Black "lluiss"]
[WhiteElo "2514"]
[BlackElo "2303"]
[Result "0-1"]
[Round "02"]
[TimeControl "180+2"]
[Date "2023.05.30"]
[WhiteClock "0:00:05"]
[BlackClock "0:00:03"]

1. Nf3 Nf6 2. d4 g6 3. c4 Bg7 4. Nc3 d5 5. cxd5 Nxd5 6. e4 Nxc3 7. bxc3 c5 8. Rb1 O-O 9. Be2 cxd4 10. cxd4 Qa5+ 11. Bd2 Qxa2 12. O-O Bg4 13. Bg5 Bf6 14. Bh6 Rd8 15. e5 Bxe5 16. h3 Bxf3 17. Bxf3 Nc6 18. Qe1 Bf6 19. d5 Nd4 20. Be4 Ne2+ 21. Kh1 Nc3 22. Rxb7 Nxe4 23. Qxe4 Qxd5 24. Qb1 Qh5 25. Be3 a5 26. Rb5 Qh4 27. Bb6 Rd2 28. Be3 Rd6 29. Bc5 Rd5 30. Rc1 a4 31. Rb7 a3 32. Rb8+ Rxb8 33. Qxb8+ Kg7 34. Qa8 Rd3 35. Qa6 Rb3 36. Be3 Qe4 37. Qe2 Qd3 38. Qf3 a2 39. Qf4 Rb1 40. Qh6+ Kg8 41. Kh2 Rxc1 42. Bxc1 0-1


[Site "https://www.chess.com"]

[Event "Titled Tuesday Blitz May 30 Early 2023"]
[White "Vaglio Munoz, Jaime"]
[Black "Garakov, Mikhael"]
[WhiteFideId "6500145"]
[BlackFideId "4169034"]
[WhiteElo "2199"]
[BlackElo "2347"]
[Result "1-0"]
[Round "02"]
[TimeControl "180+2"]
[Date "2023.05.30"]
[WhiteClock "0:00:09"]
[BlackClock "0:00:00"]

1. Nf3 c5 2. c4 Nf6 3. b3 b6 4. Bb2 e6 5. g3 Bb7 6. Bg2 Be7 7. O-O O-O 8. d4 cxd4 9. Nxd4 Bxg2 10. Kxg2 Qc8 11. f3 a6 12. e4 d6 13. Nc3 Nc6 14. Nde2 Qb7 15. Rc1 b5 16. cxb5 axb5 17. a3 b4 18. Na4 Ne5 19. Bxe5 dxe5 20. axb4 Rfd8 21. Qc2 Rac8 22. Qb2 Rxc1 23. Rxc1 Qxb4 24. Rc2 h6 25. g4 Nxe4 26. Rc4 Qe1 27. Rxe4 Rd1 28. Nac3 Qh1+ 29. Kh3 Qxf3+ 30. Ng3 f5 31. Nxd1 Qxe4 32. Nf2 Qf4 33. Qe2 e4 34. Nfxe4 fxe4 35. Qxe4 Qf6 36. Nh5 Qc3+ 37. Kg2 Qxb3 38. Qd4 Qd5+ 39. Qxd5 exd5 40. Kf3 Kf7 41. Nf4 d4 42. Ke4 Bd6 43. Ne2 Bc5 44. h4 h5 45. g5 1-0


[Site "https://www.chess.com"]

[Event "Titled Tuesday Blitz May 30 Early 2023"]
[White "crosky"]
[Black "Guerra Tulcan, Lenin"]
[BlackFideId "3601382"]
[WhiteElo "2300"]
[BlackElo "2368"]
[Result "0-1"]
[Round "02"]
[TimeControl "180+2"]
[Date "2023.05.30"]
[WhiteClock "0:00:00"]
[BlackClock "0:00:33"]

1. d4 Nf6 2. c4 c5 3. d5 b5 4. cxb5 a6 5. bxa6 Bxa6 6. Nc3 d6 7. e4 Bxf1 8. Kxf1 g6 9. g3 Bg7 10. Kg2 O-O 11. Nf3 Nbd7 12. Re1 Ra6 13. a4 Qa8 14. Ra3 Rb8 15. Nd2 Rb4 16. Qe2 Nb6 17. b3 Nfd7 18. Nb5 Qb7 19. f4 c4 20. Nxc4 Nxc4 21. bxc4 Nc5 22. e5 Rbxa4 23. Rxa4 Nxa4 24. exd6 exd6 25. Qe8+ Bf8 26. Ba3 Ra8 27. Qc6 Qxc6 28. dxc6 Rc8 29. c7 Nb6 30. Re4 d5 31. cxd5 Bxa3 32. Nxa3 Nxd5 33. Nb5 Kf8 34. Rd4 Nxc7 35. Rc4 Nxb5 36. Rxc8+ Kg7 37. Rb8 Nc7 38. Rb7 Ne6 39. Kf3 h5 40. Ra7 Kf6 41. h3 Nd4+ 42. Ke4 Nf5 43. Ra6+ Ke7 44. g4 hxg4 45. hxg4 Nd6+ 46. Kd5 Ne8 47. g5 Nc7+ 48. Ke5 Nxa6 49. f5 Nc7 0-1


[Site "https://www.chess.com"]

[Event "Titled Tuesday Blitz May 30 Early 2023"]
[White "Ozates, Tuna"]
[Black "Jiganchine, Roman"]
[WhiteFideId "6354521"]
[BlackFideId "2603667"]
[WhiteElo "2151"]
[BlackElo "2299"]
[Result "1-0"]
[Round "02"]
[TimeControl "180+2"]
[Date "2023.05.30"]
[WhiteClock "0:00:52"]
[BlackClock "0:00:00"]

1. d4 d5 2. Bg5 h6 3. Bh4 c5 4. dxc5 Qa5+ 5. Nc3 e6 6. e4 g5 7. Bg3 Bg7 8. Bb5+ Nc6 9. Ne2 Bd7 10. exd5 exd5 11. Qxd5 Nge7 12. Qd3 Rd8 13. O-O O-O 14. Bd6 Bf5 15. Qc4 Be6 16. Qa4 Qxa4 17. Bxa4 Rfe8 18. Rfe1 Nf5 19. Rad1 a6 20. Bb3 Nxd6 21. cxd6 Bxb3 22. axb3 Nb4 23. Rd2 Re6 24. Red1 Bf8 25. d7 Nc6 26. Ng3 Re5 27. Kf1 f5 28. Rd5 Rxd5 29. Nxd5 f4 30. Nf5 Kf7 31. Nc3 Ke6 32. Nd4+ Nxd4 33. Rxd4 Rxd7 34. Rxd7 Kxd7 35. Ke2 Ke6 36. f3 Bc5 37. Ne4 Bd4 38. c3 Bg1 39. h3 Bb6 40. Kd3 Bg1 41. Kc4 b5+ 42. Kb4 Bb6 43. c4 bxc4 44. bxc4 Bd4 45. b3 Kf5 46. Ka5 h5 47. Kxa6 g4 48. c5 1-0


[Site "https://www.chess.com"]

[Event "Titled Tuesday Blitz May 30 Early 2023"]
[White "Mirzanurov, Bulat"]
[Black "Ginzburg, Yakov"]
[WhiteFideId "4184521"]
[BlackFideId "4157176"]
[WhiteElo "2005"]
[BlackElo "2305"]
[Result "0-1"]
[Round "02"]
[TimeControl "180+2"]
[Date "2023.05.30"]
[WhiteClock "0:00:10"]
[BlackClock "0:01:35"]

1. e4 c5 2. Nf3 e6 3. d4 cxd4 4. Nxd4 Nf6 5. Nc3 Nc6 6. Nxc6 bxc6 7. e5 Nd5 8. Ne4 Qc7 9. f4 Qb6 10. c4 Ne3 11. Qe2 Bb4+ 12. Nc3 Bxc3+ 13. bxc3 Nxf1 14. Rxf1 O-O 15. Be3 Qa5 16. Bd2 Ba6 17. Rf3 Rab8 18. Rg3 f5 19. Rh3 Qc5 20. Be3 Qxc4 21. Qxc4 Bxc4 22. Bxa7 Rb2 23. Bc5 Rxg2 24. Bxf8 Rg1+ 25. Kd2 Rxa1 26. Be7 Rxa2+ 27. Ke3 h6 28. Rg3 Kf7 29. h4 Kxe7 30. Rxg7+ Ke8 31. Rg8+ Kf7 32. Rh8 Rh2 33. Rxh6 Rh3+ 34. Kd4 Be2 35. Rh7+ Kg6 36. Rxd7 Rd3+ 37. Kc5 Rxd7 38. Kxc6 Rh7 39. Kd6 Bc4 40. Kc5 Ba2 41. Kd6 Rxh4 42. Ke7 Rxf4 43. Kd6 Rc4 44. Ke7 Rxc3 45. Kd6 f4 46. Ke7 f3 47. Kf8 f2 48. Ke7 f1=Q 49. Kd6 Qf8+ 50. Kd7 Qc8+ 51. Ke7 Rc7+ 52. Kd6 Qd8# 0-1


[Site "https://www.chess.com"]

[Event "Titled Tuesday Blitz May 30 Early 2023"]
[White "Zaksaite, Salomeja"]
[Black "cristianserban1"]
[WhiteFideId "12801496"]
[WhiteElo "2059"]
[BlackElo "2509"]
[Result "1-0"]
[Round "02"]
[TimeControl "180+2"]
[Date "2023.05.30"]
[WhiteClock "0:00:07"]
[BlackClock "0:00:00"]

1. e4 g6 2. d4 Bg7 3. Nf3 c6 4. h3 d5 5. e5 f6 6. Bf4 Nd7 7. c4 fxe5 8. dxe5 e6 9. Nc3 Ne7 10. Qd2 Nf5 11. g4 Ne7 12. O-O-O Nf8 13. Bd3 Bd7 14. h4 Qa5 15. Kb1 O-O-O 16. Nxd5 Qxd2 17. Nxe7+ Kc7 18. Rxd2 Re8 19. Bg5 h6 20. Nxg6 Nxg6 21. Bxg6 hxg5 22. Bxe8 Bxe8 23. Nxg5 Bxe5 24. f4 Bg6+ 25. Ka1 Bf6 26. Nxe6+ Kb6 27. f5 Bf7 28. c5+ Ka6 29. g5 Be5 30. Re2 Bg3 31. g6 Bg8 32. f6 1-0


[Site "https://www.chess.com"]

[Event "Titled Tuesday Blitz May 30 Early 2023"]
[White "Rosenberg, Evan S"]
[Black "Devaev, Alexander"]
[WhiteFideId "2019299"]
[BlackFideId "4169395"]
[WhiteElo "2287"]
[BlackElo "2172"]
[Result "0-1"]
[Round "02"]
[TimeControl "180+2"]
[Date "2023.05.30"]
[WhiteClock "0:00:00"]
[BlackClock "0:00:17"]

1. d4 Nf6 2. Bg5 Ne4 3. h4 Nxg5 4. hxg5 g6 5. e3 Bg7 6. f4 d6 7. Nf3 Bg4 8. Nbd2 c5 9. c3 Nc6 10. Qb3 Qc7 11. Rh4 Bxf3 12. Nxf3 cxd4 13. cxd4 e6 14. Rc1 Qa5+ 15. Kf2 Qc7 16. d5 exd5 17. Qxd5 O-O 18. Bd3 Qb6 19. Rch1 Nb4 20. Bxg6 hxg6 21. Qb3 Rac8 22. Nd4 Nc2 23. Qd5 Nxd4 24. exd4 Qxd4+ 25. Qxd4 Bxd4+ 26. Kf3 Rc2 27. Ke4 Bg7 28. g4 Re8+ 29. Kd5 Rd2+ 30. Kc4 Rc8+ 31. Kb3 Rxb2+ 32. Ka3 Rg2 33. f5 gxf5 34. gxf5 Rxg5 35. f6 Bxf6 36. Rh6 Bg7 37. Rxd6 Rg6 38. Rd7 Ra6+ 39. Kb4 Bf8+ 40. Kb3 Rcc6 41. Rg1+ Rg6 42. Re1 Rgb6+ 43. Kc4 Ra4+ 44. Kd3 Rxa2 45. Re8 Re6 46. Ra8 Ra3+ 47. Kd4 Kg7 48. Rxb7 a5 49. Rbb8 Bb4 50. Rg8+ Kf6 51. Rh8 Rd6+ 52. Kc4 Rc3+ 53. Kb5 Rc5+ 54. Ka4 Rd3 55. Ra6+ Kg7 56. Rh3 Rcc3 0-1


[Site "https://www.chess.com"]

[Event "Titled Tuesday Blitz May 30 Early 2023"]
[White "LangesNasenhaar"]
[Black "Blokhin, Sofia"]
[BlackFideId "4508190"]
[WhiteElo "2506"]
[BlackElo "1994"]
[Result "1/2-1/2"]
[Round "02"]
[TimeControl "180+2"]
[Date "2023.05.30"]
[WhiteClock "0:00:22"]
[BlackClock "0:00:07"]

1. d4 d5 2. Nc3 e6 3. Bf4 Nf6 4. Nb5 Na6 5. e3 c6 6. Nc3 Nc7 7. Nf3 Bd6 8. Ne5 O-O 9. Bd3 g6 10. g4 Kg7 11. h4 h5 12. f3 Rh8 13. Bg5 Be7 14. Qe2 Nd7 15. Bxe7 Qxe7 16. Nxd7 Bxd7 17. g5 e5 18. O-O-O exd4 19. exd4 Qxe2 20. Nxe2 Rhe8 21. f4 Bg4 22. Rde1 Ne6 23. c3 Bxe2 24. Bxe2 Nxf4 25. Kd2 Nxe2 26. Rxe2 Rxe2+ 27. Kxe2 Re8+ 28. Kd3 Re4 29. b3 f6 30. gxf6+ Kxf6 31. c4 Kf5 32. Rf1+ Rf4 33. Rh1 Kg4 34. Rg1+ Kf5 35. Rh1 Rf3+ 36. Ke2 Rc3 37. Kd2 Rg3 38. cxd5 cxd5 39. Re1 Rg2+ 40. Kc3 Rxa2 41. Re5+ Kg4 42. Rg5+ Kxh4 43. Rxg6 Kh3 44. Rg5 h4 45. Rxd5 Kh2 46. Rd7 b6 47. d5 h3 48. d6 Ra1 49. Kd4 Rd1+ 50. Ke5 Kg1 51. Rg7+ Kf2 52. Rf7+ Kg2 53. Rg7+ Kf2 54. Rf7+ Kg2 55. Rg7+ Kf2 1/2-1/2


[Site "https://www.chess.com"]